 Dungeon Crawl Stone Soup version 0.22.0 (webtiles) character file.

48 Inarius the Slasher (level 3, 0/27 HPs)
             Began as a Demonspawn Gladiator on Aug 10, 2018.
             Slain by an ogre
             ... wielding a cursed -3 giant club
              (17 damage)
             ... on level 6 of the Dungeon.
             The game lasted 00:01:59 (903 turns).

Inarius the Slasher (Demonspawn Gladiator)           Turns: 903, Time: 00:02:00

Health: 0/27       AC:  6    Str: 15    XL:     3   Next: 50%
Magic:  3/3        EV: 13    Int:  9    God:
Gold:   49         SH:  0    Dex: 16    Spells: 2/2 levels left

rFire    . . .     SeeInvis .   a - +0 long sword
rCold    . . .     Gourm    .   (no shield)
rNeg     + . .     Faith    .   b - +0 leather armour
rPois    .         Spirit   .   c - +0 helmet
rElec    .         Reflect  .   l - +1 cloak
rCorr    .         Harm     .   (no gloves)
MR       .....                  (no boots)
Stlth    ++........             (no amulet)
HPRegen  0.09/turn              e - ring of positive energy
MPRegen  0.08/turn              (no ring)

@: no status effects
A: thin skeletal structure 1
a: no special abilities


You were on level 6 of the Dungeon.
You were not hungry.

You visited 1 branch of the dungeon, and saw 6 of its levels.

You collected 49 gold pieces.

Inventory:

Hand Weapons
 a - a +0 long sword (weapon)
Missiles
 d - 3 throwing nets (quivered)
Armour
 b - a +0 leather armour (worn)
 c - a +0 helmet (worn)
 l - a +1 cloak (worn)
Jewellery
 e - a ring of positive energy (left hand)
Scrolls
 g - 2 scrolls of amnesia {unknown}
 h - 2 scrolls of identify {unknown}
 i - a scroll of remove curse {unknown}
 o - a scroll of fear {unknown}
 p - a scroll of magic mapping {unknown}
Potions
 j - a potion of agility {unknown}
 m - a potion of berserk rage {unknown}
 n - a potion of curing {unknown}
Comestibles
 f - 4 rations
 k - 2 chunks of flesh


   Skills:
 + Level 2.0 Fighting
 + Level 3.5 Long Blades
 + Level 2.0 Throwing
 + Level 0.1 Armour
 + Level 3.1 Dodging
 + Level 0.3 Stealth


You had 2 spell levels left.
You didn't know any spells.
Your spell library was empty.

Dungeon Overview and Level Annotations

Branches:
Dungeon (6/15)             Temple (0/1) D:6

Altars:
Dithmenos

Annotations:
D:6 3 runed doors


Innate Abilities, Weirdness & Mutations

You have a somewhat thin skeletal structure. (Dex +2, Stealth)


Message History

You kill the leopard gecko!
No target in view!
No target in view!
Found an escape hatch in the ceiling.
p - a scroll labeled ETYHUN BAOVU
Found a staircase to the Ecumenical Temple.
Some of the chunks of flesh in your inventory have rotted away.
Found a dagger.
An ogre comes into view. It is wielding a giant club.
The ogre shouts!
An ogre is nearby!
An ogre is nearby!
An ogre is nearby!
The ogre hits you with a giant club!
Found a scroll labeled ETYHUN BAOVU.
You slash the ogre!
The ogre is moderately wounded.
The ogre hits you with a giant club!
Ouch! That really hurt!
You die...

... ... ..? ... ... ..#..
... .......... ..# #....
... ... .....#..)#.## .
##......#.#...#.. .. ...
#....>O...... ...
#.##...#@#......
...######....#...#....
....#.##...............#.
#.............#........
#.#
#..##......#..##.......
#.. . #..###.......##
#...... #.. ..
##..##......#.# ..####
##+++## ....#...##...##
#..# .....
.......####...# #..#
##..#


You could see an ogre.

Vanquished Creatures
  An adder (D:3)
  An ooze (D:1)
  2 worms (D:3)
  A dart slug (D:1)
  2 leopard geckos
  A bat (D:1)
  A giant cockroach (D:4)
  A hobgoblin (D:3)
  A ball python (D:3)
  4 frilled lizards (D:1)
  6 goblins
  2 kobolds
  5 rats
28 creatures vanquished.

Notes
Turn   | Place    | Note
-------+----------+-------------------------------------------
     0 | D:1      | Inarius the Demonspawn Gladiator began the quest for the Orb.
     0 | D:1      | Reached XP level 1. HP: 16/16 MP: 1/1
    45 | D:1      | Gained mutation: You have a somewhat thin skeletal structure. (Dex +2, Stealth) [demonic ancestry]
    45 | D:1      | Reached XP level 2. HP: 11/22 MP: 2/2
   632 | D:3      | Reached XP level 3. HP: 27/27 MP: 3/3
   664 | D:3      | Found a shadowy altar of Dithmenos.
   821 | D:5      | Entered Level 5 of the Dungeon
   828 | D:6      | Found a runed gate.
   828 | D:6      | Found a runed gate.
   828 | D:6      | Found a runed gate.
   848 | D:6      | Noticed a scorpion
   896 | D:6      | Found a staircase to the Ecumenical Temple.
   899 | D:6      | Noticed an ogre
   903 | D:6      | Slain by an ogre

Skill      XL: |  1  2 |
---------------+-------+-----
Long Blades    | 3 |  3.5
Dodging        | 3 |  3.1
Throwing       | 2 |  2.0
Fighting       | |  2.0
Armour         | |  0.1
Stealth        | |  0.3

Action                   || total
-------------------------++-------
Melee: Long sword        ||    66
  Use: Scroll            ||     1
 Stab: Sleeping          ||     2
Armor: Leather armour    ||     9
Dodge: Dodged            ||    54
       Rpst.: Long sword ||    18
